3169 views
Uploaded 2020-02-29 23:25:53
Game version 1.32.2
54:25 long 4on4 ladder game on (8)Battleground_LV
Saved by ChuckleMan
3169 views
Uploaded 2020-02-29 23:25:53
Game version 1.32.2
54:25 long 4on4 ladder game on (8)Battleground_LV


252 units @ 35.1k
/ 6.8k
397 buildings @ 23.9k
/ 12.7k


| Scroll of Town Portal | 2 | 700 |
| total: | 2 | 700g |
| Wisp | 29 | 1740 | / | 0 |
| Archer | 26 | 3380 | / | 260 |
| Dryad | 37 | 5365 | / | 2220 |
| Mountain Giant | 5 | 1750 | / | 500 |
| total: | 97 | 12235g | / | 2980w |
| Ancient Protector | 7 | 945 | / | 560 |
| Altar of Elders | 1 | 180 | / | 50 |
| Moon Well | 8 | 1440 | / | 320 |
| Ancient of War | 1 | 150 | / | 60 |
| Ancient of Wonders | 1 | 90 | / | 30 |
| Hunter's Hall | 1 | 210 | / | 100 |
| Tree of Life | 2 | 680 | / | 370 |
| Ancient of Lore | 3 | 465 | / | 435 |
| Tree of Ages | 1 | 320 | / | 180 |
| Tree of Eternity | 1 | 330 | / | 200 |
| total: | 24 | 4160g | / | 1925w |
| 0:06 | Wisp |
| 0:06 | Wisp |
| 0:07 | Wisp |
| 0:12 | Altar of Elders |
| 0:17 | Moon Well |
| 0:22 | Wisp |
| 0:37 | Ancient of War |
| 0:41 | Wisp |
| 1:20 | Wisp |
| 1:20 | Wisp |
| 1:20 | Wisp |
| 1:20 | Wisp |
| 1:41 | Archer |
| 1:43 | Archer |
| 1:53 | Moon Well |
| 1:58 | Archer |
| 2:08 | Ancient of Wonders |
| 2:11 | Wisp |
| 2:22 | Force of Nature |
| 2:46 | Moon Well |
| 2:52 | Archer |
| 2:52 | Archer |
| 3:13 | Hunter's Hall |
| 3:16 | Wisp |
| 3:16 | Wisp |
| 3:16 | Wisp |
| 3:38 | Archer |
| 3:39 | Archer |
| 3:59 | Wisp |
| 4:00 | Wisp |
| 4:07 | Moon Well |
| 5:01 | Entangling Roots |
| 5:12 | Tree of Life |
| 5:14 | Tree of Ages |
| 5:26 | Archer |
| 6:33 | Archer |
| 6:33 | Archer |
| 6:36 | Moon Well |
| 6:38 | Strength of the Wild |
| 6:39 | Reinforced Hides |
| 6:41 | Strength of the Moon |
| 6:45 | Entangling Roots |
| 7:11 | Archer |
| 8:23 | Ancient of Lore |
| 8:25 | Ancient of Lore |
| 8:26 | Wisp |
| 8:27 | Wisp |
| 8:29 | Moon Well |
| 8:39 | Wisp |
| 8:39 | Wisp |
| 8:39 | Wisp |
| 8:39 | Wisp |
| 8:39 | Wisp |
| 8:47 | Improved Bows |
| 9:26 | Ancient of Lore |
| 9:49 | Dryad |
| 9:49 | Dryad |
| 9:52 | Archer |
| 9:58 | Trueshot Aura |
| 10:09 | Archer |
| 10:10 | Archer |
| 10:33 | Wisp |
| 10:33 | Wisp |
| 10:39 | Moon Well |
| 10:41 | Ancient Protector |
| 10:58 | Dryad |
| 11:01 | Mountain Giant |
| 11:12 | Improved Strength of the Wild |
| 11:20 | Abolish Magic |
| 11:56 | Thorns Aura |
| 12:04 | Dryad |
| 12:05 | Dryad |
| 12:10 | Archer |
| 12:15 | Archer |
| 12:57 | Dryad |
| 13:00 | Improved Reinforced Hides |
| 13:07 | Dryad |
| 13:22 | Dryad |
| 14:07 | Dryad |
| 14:11 | Moon Well |
| 14:13 | Searing Arrows |
| 15:35 | Mountain Giant |
| 15:36 | Dryad |
| 15:37 | Dryad |
| 15:37 | Archer |
| 15:38 | Archer |
| 15:38 | Archer |
| 16:18 | Tree of Eternity |
| 16:22 | Dryad |
| 16:51 | Ancient Protector |
| 16:52 | Wisp |
| 16:52 | Wisp |
| 16:52 | Wisp |
| 17:00 | Archer |
| 17:00 | Archer |
| 17:27 | Dryad |
| 17:32 | Dryad |
| 18:04 | Dryad |
| 18:28 | Entangling Roots |
| 19:18 | Resistant Skin |
| 19:20 | Hardened Skin |
| 19:23 | Advanced Strength of the Wild |
| 19:24 | Well Spring |
| 19:28 | Wisp |
| 19:28 | Wisp |
| 20:09 | Dryad |
| 20:10 | Dryad |
| 21:54 | Mountain Giant |
| 21:55 | Dryad |
| 21:56 | Dryad |
| 22:40 | Archer |
| 22:40 | Archer |
| 22:42 | Dryad |
| 22:44 | Archer |
| 23:18 | Dryad |
| 23:19 | Dryad |
| 23:25 | Archer |
| 23:32 | Marksmanship |
| 23:49 | Dryad |
| 23:55 | Dryad |
| 24:34 | Dryad |
| 24:36 | Archer |
| 25:15 | Trueshot Aura |
| 25:49 | Mountain Giant |
| 26:17 | Tranquility |
| 27:14 | Dryad |
| 27:35 | Scroll of Town Portal |
| 27:38 | Searing Arrows |
| 28:05 | Dryad |
| 29:25 | Dryad |
| 29:26 | Dryad |
| 29:48 | Dryad |
| 29:51 | Dryad |
| 30:16 | Dryad |
| 30:20 | Trueshot Aura |
| 30:33 | Force of Nature |
| 30:36 | Dryad |
| 31:50 | Dryad |
| 33:24 | Starfall |
| 33:42 | Ancient Protector |
| 33:44 | Ancient Protector |
| 33:48 | Tree of Life |
| 33:50 | Ancient Protector |
| 33:52 | Ancient Protector |
| 33:54 | Ancient Protector |
| 34:30 | Scroll of Town Portal |
| 36:31 | Thorns Aura |
| 41:51 | Dryad |
| 41:52 | Dryad |
| 44:04 | Mountain Giant |
| 44:06 | Dryad |
| 52:46 | Scout |
| Right click | 2162 |
| Select | 652 |
| Select group | 347 |
| Misc. action | 200 |
| Build/train/purchase | 185 |
| Chat | 111 |
| Use ability | 99 |
| Assign group | 63 |
| Resource trade | 5 |
| Remove unit | 3 |
| Esc | 1 |
| Minimap ping | 1 |
⇛
ChuckleMan
(103)
(54:24) : 


| Potion of Mana | 1 | 200 |
| Potion of Healing | 1 | 150 |
| Scroll of Town Portal | 2 | 700 |
| Scroll of Healing | 1 | 250 |
| Staff of Teleportation | 3 | 450 |
| Boots of Speed | 3 | 750 |
| Potion of Lesser Invulnerability | 1 | 150 |
| Periapt of Vitality | 3 | 975 |
| Circlet of Nobility | 2 | 350 |
| Moonstone | 2 | 100 |
| Orb of Venom | 3 | 975 |
| total: | 22 | 5050g |
| Peasant | 43 | 3225 | / | 0 |
| Sorceress | 1 | 155 | / | 20 |
| total: | 44 | 3380g | / | 20w |
| Scout Tower | 316 | 9480 | / | 6320 |
| Arcane Tower | 1 | 70 | / | 50 |
| Guard Tower | 70 | 4900 | / | 3500 |
| Altar of Kings | 1 | 180 | / | 50 |
| Farm | 5 | 400 | / | 100 |
| Lumber Mill | 4 | 480 | / | 0 |
| Town Hall | 5 | 1925 | / | 1025 |
| Arcane Sanctum | 1 | 150 | / | 140 |
| Keep | 1 | 320 | / | 210 |
| Castle | 1 | 360 | / | 210 |
| total: | 332 | 12615g | / | 7635w |
| 0:09 | Peasant |
| 0:09 | Peasant |
| 0:12 | Altar of Kings |
| 0:16 | Farm |
| 0:23 | Peasant |
| 0:32 | Peasant |
| 0:46 | Peasant |
| 0:56 | Farm |
| 0:58 | Peasant |
| 1:01 | Lumber Mill |
| 1:06 | Scout Tower |
| 1:10 | Scout Tower |
| 1:15 | Peasant |
| 1:25 | Peasant |
| 1:43 | Arcane Tower |
| 1:46 | Peasant |
| 1:52 | Scout Tower |
| 1:57 | Peasant |
| 2:01 | Farm |
| 2:08 | Peasant |
| 2:11 | Scout Tower |
| 2:13 | Blizzard |
| 2:16 | Peasant |
| 2:22 | Guard Tower |
| 2:34 | Peasant |
| 2:38 | Scout Tower |
| 2:46 | Guard Tower |
| 2:53 | Scout Tower |
| 2:58 | Scout Tower |
| 3:01 | Peasant |
| 3:12 | Guard Tower |
| 3:13 | Peasant |
| 3:31 | Scout Tower |
| 3:33 | Guard Tower |
| 3:34 | Scout Tower |
| 3:36 | Scout Tower |
| 3:47 | Peasant |
| 3:47 | Peasant |
| 4:07 | Guard Tower |
| 4:25 | Town Hall |
| 4:32 | Town Hall |
| 4:57 | Scout Tower |
| 4:58 | Scout Tower |
| 5:08 | Brilliance Aura |
| 5:13 | Scout Tower |
| 5:14 | Scout Tower |
| 5:15 | Scout Tower |
| 5:17 | Peasant |
| 5:40 | Guard Tower |
| 5:41 | Scout Tower |
| 5:41 | Scout Tower |
| 5:52 | Scout Tower |
| 5:54 | Peasant |
| 5:54 | Peasant |
| 6:09 | Staff of Teleportation |
| 6:09 | Boots of Speed |
| 6:25 | Guard Tower |
| 6:26 | Keep |
| 6:29 | Scout Tower |
| 6:30 | Scout Tower |
| 6:34 | Peasant |
| 6:34 | Peasant |
| 6:34 | Peasant |
| 6:34 | Peasant |
| 6:34 | Peasant |
| 6:35 | Peasant |
| 6:35 | Peasant |
| 7:01 | Blizzard |
| 7:08 | Guard Tower |
| 7:10 | Scout Tower |
| 7:10 | Scout Tower |
| 7:15 | Guard Tower |
| 7:15 | Guard Tower |
| 7:16 | Peasant |
| 7:17 | Peasant |
| 7:19 | Scout Tower |
| 7:19 | Scout Tower |
| 7:22 | Scout Tower |
| 7:37 | Scout Tower |
| 7:37 | Scout Tower |
| 7:37 | Scout Tower |
| 7:38 | Scout Tower |
| 7:42 | Scout Tower |
| 7:44 | Scout Tower |
| 7:50 | Guard Tower |
| 7:56 | Guard Tower |
| 7:57 | Peasant |
| 7:57 | Peasant |
| 7:58 | Peasant |
| 8:00 | Improved Masonry |
| 8:09 | Guard Tower |
| 8:12 | Scout Tower |
| 8:13 | Scout Tower |
| 8:23 | Guard Tower |
| 8:27 | Farm |
| 8:31 | Scout Tower |
| 8:32 | Scout Tower |
| 8:32 | Scout Tower |
| 8:33 | Scout Tower |
| 8:39 | Guard Tower |
| 8:40 | Guard Tower |
| 8:44 | Peasant |
| 8:44 | Peasant |
| 8:44 | Peasant |
| 8:52 | Farm |
| 8:56 | Guard Tower |
| 8:57 | Scout Tower |
| 8:58 | Scout Tower |
| 8:59 | Guard Tower |
| 9:23 | Scout Tower |
| 9:23 | Scout Tower |
| 9:24 | Scout Tower |
| 9:24 | Scout Tower |
| 9:29 | Guard Tower |
| 9:32 | Scout Tower |
| 9:32 | Scout Tower |
| 9:39 | Peasant |
| 9:42 | Guard Tower |
| 9:43 | Scout Tower |
| 9:43 | Scout Tower |
| 9:50 | Scout Tower |
| 10:12 | Flame Strike |
| 10:18 | Scout Tower |
| 10:18 | Scout Tower |
| 10:18 | Scout Tower |
| 10:18 | Scout Tower |
| 10:20 | Scout Tower |
| 10:20 | Scout Tower |
| 10:21 | Scout Tower |
| 10:26 | Scout Tower |
| 10:29 | Castle |
| 10:49 | Staff of Teleportation |
| 10:50 | Boots of Speed |
| 10:56 | Moonstone |
| 10:58 | Potion of Mana |
| 10:58 | Potion of Healing |
| 11:04 | Guard Tower |
| 11:09 | Scout Tower |
| 11:09 | Scout Tower |
| 11:09 | Scout Tower |
| 11:09 | Scout Tower |
| 11:10 | Scout Tower |
| 11:10 | Scout Tower |
| 11:10 | Scout Tower |
| 11:38 | Guard Tower |
| 11:39 | Scout Tower |
| 11:40 | Scout Tower |
| 11:40 | Scout Tower |
| 11:41 | Scout Tower |
| 11:42 | Scout Tower |
| 11:42 | Scout Tower |
| 11:46 | Scout Tower |
| 11:47 | Scout Tower |
| 11:47 | Scout Tower |
| 11:48 | Scout Tower |
| 11:49 | Guard Tower |
| 11:53 | Guard Tower |
| 11:56 | Scout Tower |
| 12:06 | Peasant |
| 12:06 | Peasant |
| 12:15 | Guard Tower |
| 12:22 | Brilliance Aura |
| 12:30 | Guard Tower |
| 12:37 | Improved Lumber Harvesting |
| 12:37 | Advanced Masonry |
| 12:55 | Scout Tower |
| 12:55 | Scout Tower |
| 12:55 | Scout Tower |
| 13:02 | Guard Tower |
| 13:22 | Rain of Fire |
| 13:28 | Staff of Teleportation |
| 13:29 | Boots of Speed |
| 13:38 | Potion of Lesser Invulnerability |
| 13:45 | Scroll of Town Portal |
| 13:59 | Guard Tower |
| 14:03 | Advanced Lumber Harvesting |
| 14:06 | Guard Tower |
| 14:15 | Guard Tower |
| 14:17 | Scout Tower |
| 14:17 | Scout Tower |
| 14:19 | Scout Tower |
| 14:19 | Scout Tower |
| 14:20 | Scout Tower |
| 14:21 | Scout Tower |
| 14:33 | Scout Tower |
| 14:33 | Scout Tower |
| 14:34 | Scout Tower |
| 15:02 | Siphon Mana |
| 15:09 | Siphon Mana |
| 15:28 | Guard Tower |
| 15:32 | Cleaving Attack |
| 16:28 | Scout Tower |
| 16:28 | Scout Tower |
| 16:29 | Scout Tower |
| 16:40 | Guard Tower |
| 16:41 | Scout Tower |
| 16:42 | Scout Tower |
| 16:42 | Scout Tower |
| 16:42 | Scout Tower |
| 16:42 | Scout Tower |
| 16:43 | Scout Tower |
| 16:43 | Scout Tower |
| 16:43 | Scout Tower |
| 16:43 | Scout Tower |
| 16:44 | Scout Tower |
| 17:07 | Guard Tower |
| 17:08 | Scout Tower |
| 17:08 | Scout Tower |
| 17:09 | Scout Tower |
| 17:09 | Scout Tower |
| 17:09 | Scout Tower |
| 17:10 | Scout Tower |
| 17:15 | Scout Tower |
| 17:15 | Scout Tower |
| 17:16 | Scout Tower |
| 17:16 | Scout Tower |
| 17:16 | Scout Tower |
| 17:17 | Scout Tower |
| 17:17 | Scout Tower |
| 17:17 | Scout Tower |
| 17:34 | Imbued Masonry |
| 17:36 | Arcane Sanctum |
| 17:39 | Guard Tower |
| 17:58 | Guard Tower |
| 18:12 | Guard Tower |
| 19:08 | Moonstone |
| 19:14 | Orb of Venom |
| 19:14 | Scroll of Town Portal |
| 19:17 | Guard Tower |
| 19:21 | Scout Tower |
| 19:21 | Scout Tower |
| 19:21 | Scout Tower |
| 19:22 | Scout Tower |
| 19:22 | Scout Tower |
| 19:22 | Scout Tower |
| 19:23 | Scout Tower |
| 19:23 | Scout Tower |
| 19:26 | Guard Tower |
| 19:40 | Scout Tower |
| 19:41 | Scout Tower |
| 19:41 | Scout Tower |
| 19:41 | Scout Tower |
| 19:41 | Scout Tower |
| 19:41 | Scout Tower |
| 19:42 | Scout Tower |
| 19:42 | Scout Tower |
| 19:42 | Scout Tower |
| 19:42 | Scout Tower |
| 19:42 | Scout Tower |
| 20:09 | Scout Tower |
| 20:09 | Scout Tower |
| 20:09 | Scout Tower |
| 20:09 | Scout Tower |
| 20:10 | Scout Tower |
| 20:10 | Scout Tower |
| 20:10 | Scout Tower |
| 20:11 | Scout Tower |
| 20:11 | Scout Tower |
| 20:11 | Scout Tower |
| 20:13 | Flame Strike |
| 20:32 | Guard Tower |
| 20:34 | Scout Tower |
| 20:34 | Scout Tower |
| 20:35 | Scout Tower |
| 20:35 | Scout Tower |
| 20:36 | Scout Tower |
| 20:36 | Scout Tower |
| 20:36 | Scout Tower |
| 20:36 | Scout Tower |
| 20:37 | Scout Tower |
| 20:37 | Scout Tower |
| 20:37 | Scout Tower |
| 20:38 | Scout Tower |
| 20:38 | Scout Tower |
| 20:38 | Scout Tower |
| 21:12 | Rain of Fire |
| 21:14 | Blizzard |
| 22:08 | Guard Tower |
| 22:10 | Guard Tower |
| 22:13 | Town Hall |
| 22:16 | Guard Tower |
| 22:17 | Scout Tower |
| 22:18 | Scout Tower |
| 22:18 | Scout Tower |
| 22:18 | Scout Tower |
| 22:18 | Scout Tower |
| 22:24 | Guard Tower |
| 23:21 | Guard Tower |
| 23:27 | Guard Tower |
| 23:33 | Scout Tower |
| 23:34 | Scout Tower |
| 23:38 | Peasant |
| 23:38 | Peasant |
| 23:38 | Peasant |
| 23:42 | Lumber Mill |
| 23:46 | Lumber Mill |
| 23:49 | Scout Tower |
| 23:49 | Scout Tower |
| 23:49 | Scout Tower |
| 23:49 | Scout Tower |
| 24:01 | Magic Sentry |
| 24:01 | Sorceress |
| 24:02 | Sorceress Adept Training |
| 24:08 | Lumber Mill |
| 24:27 | Siphon Mana |
| 24:59 | Guard Tower |
| 25:02 | Guard Tower |
| 25:04 | Scout Tower |
| 25:05 | Scout Tower |
| 25:26 | Cleaving Attack |
| 26:46 | Periapt of Vitality |
| 26:47 | Circlet of Nobility |
| 26:47 | Scroll of Healing |
| 26:57 | Scout Tower |
| 26:58 | Scout Tower |
| 26:58 | Scout Tower |
| 26:59 | Guard Tower |
| 27:27 | Scout Tower |
| 27:27 | Scout Tower |
| 27:28 | Scout Tower |
| 27:28 | Scout Tower |
| 27:29 | Scout Tower |
| 27:29 | Scout Tower |
| 28:51 | Orb of Venom |
| 28:53 | Guard Tower |
| 28:56 | Scout Tower |
| 28:56 | Scout Tower |
| 28:57 | Scout Tower |
| 28:57 | Scout Tower |
| 28:57 | Scout Tower |
| 28:57 | Scout Tower |
| 28:57 | Scout Tower |
| 28:58 | Scout Tower |
| 28:58 | Scout Tower |
| 28:58 | Scout Tower |
| 28:58 | Scout Tower |
| 30:01 | Sorceress Master Training |
| 30:05 | Scout Tower |
| 30:06 | Scout Tower |
| 30:06 | Scout Tower |
| 30:07 | Scout Tower |
| 30:07 | Scout Tower |
| 30:08 | Scout Tower |
| 30:08 | Scout Tower |
| 30:08 | Scout Tower |
| 30:09 | Scout Tower |
| 30:10 | Scout Tower |
| 30:10 | Scout Tower |
| 30:11 | Scout Tower |
| 30:11 | Scout Tower |
| 30:11 | Scout Tower |
| 30:12 | Guard Tower |
| 30:30 | Scout Tower |
| 30:30 | Scout Tower |
| 30:31 | Scout Tower |
| 30:32 | Scout Tower |
| 30:34 | Guard Tower |
| 31:03 | Guard Tower |
| 31:05 | Periapt of Vitality |
| 31:13 | Guard Tower |
| 32:50 | Guard Tower |
| 33:05 | Scout Tower |
| 33:05 | Scout Tower |
| 33:06 | Scout Tower |
| 33:06 | Scout Tower |
| 33:07 | Scout Tower |
| 33:07 | Scout Tower |
| 33:08 | Scout Tower |
| 33:08 | Scout Tower |
| 33:09 | Scout Tower |
| 33:09 | Scout Tower |
| 33:10 | Scout Tower |
| 33:10 | Scout Tower |
| 33:32 | Scout Tower |
| 33:32 | Scout Tower |
| 33:33 | Scout Tower |
| 33:33 | Scout Tower |
| 33:34 | Guard Tower |
| 33:37 | Scout Tower |
| 33:38 | Scout Tower |
| 33:38 | Scout Tower |
| 33:39 | Scout Tower |
| 33:39 | Scout Tower |
| 33:39 | Scout Tower |
| 33:39 | Scout Tower |
| 33:40 | Scout Tower |
| 33:40 | Scout Tower |
| 33:40 | Scout Tower |
| 33:40 | Scout Tower |
| 33:40 | Scout Tower |
| 33:40 | Scout Tower |
| 33:41 | Scout Tower |
| 33:41 | Scout Tower |
| 33:41 | Scout Tower |
| 33:41 | Scout Tower |
| 33:41 | Scout Tower |
| 34:04 | Guard Tower |
| 34:11 | Scout Tower |
| 34:11 | Scout Tower |
| 34:13 | Scout Tower |
| 34:14 | Scout Tower |
| 34:15 | Scout Tower |
| 34:15 | Scout Tower |
| 34:15 | Scout Tower |
| 34:20 | Scout Tower |
| 34:21 | Scout Tower |
| 34:21 | Scout Tower |
| 34:21 | Scout Tower |
| 34:21 | Scout Tower |
| 34:23 | Mass Teleport |
| 34:37 | Guard Tower |
| 36:08 | Guard Tower |
| 36:11 | Guard Tower |
| 36:46 | Guard Tower |
| 36:54 | Guard Tower |
| 38:09 | Guard Tower |
| 38:28 | Flame Strike |
| 38:29 | Rain of Fire |
| 38:54 | Scout Tower |
| 38:54 | Scout Tower |
| 38:55 | Scout Tower |
| 38:55 | Scout Tower |
| 40:16 | Orb of Venom |
| 40:26 | Guard Tower |
| 41:53 | Scout Tower |
| 41:53 | Scout Tower |
| 41:54 | Scout Tower |
| 41:55 | Scout Tower |
| 41:55 | Scout Tower |
| 41:56 | Scout Tower |
| 41:56 | Scout Tower |
| 41:56 | Scout Tower |
| 41:57 | Scout Tower |
| 41:58 | Scout Tower |
| 41:58 | Scout Tower |
| 41:58 | Scout Tower |
| 41:59 | Scout Tower |
| 42:00 | Scout Tower |
| 42:01 | Scout Tower |
| 42:01 | Scout Tower |
| 42:51 | Periapt of Vitality |
| 42:55 | Circlet of Nobility |
| 43:41 | Guard Tower |
| 43:43 | Town Hall |
| 43:46 | Guard Tower |
| 43:48 | Scout Tower |
| 43:49 | Scout Tower |
| 43:50 | Scout Tower |
| 43:50 | Scout Tower |
| 44:48 | Guard Tower |
| 44:50 | Scout Tower |
| 44:50 | Scout Tower |
| 44:50 | Scout Tower |
| 44:51 | Scout Tower |
| 44:52 | Scout Tower |
| 44:52 | Scout Tower |
| 44:52 | Scout Tower |
| 44:53 | Scout Tower |
| 44:54 | Scout Tower |
| 44:54 | Scout Tower |
| 44:54 | Scout Tower |
| 44:55 | Scout Tower |
| 44:55 | Scout Tower |
| 44:55 | Scout Tower |
| 44:55 | Scout Tower |
| 44:55 | Scout Tower |
| 44:58 | Peasant |
| 44:58 | Peasant |
| 45:08 | Scout Tower |
| 45:08 | Scout Tower |
| 45:09 | Scout Tower |
| 45:09 | Scout Tower |
| 45:09 | Scout Tower |
| 45:09 | Scout Tower |
| 46:32 | Brilliance Aura |
| 46:59 | Guard Tower |
| 47:01 | Scout Tower |
| 47:01 | Scout Tower |
| 47:02 | Scout Tower |
| 47:02 | Scout Tower |
| 47:02 | Scout Tower |
| 47:03 | Scout Tower |
| 47:03 | Scout Tower |
| 47:04 | Scout Tower |
| 47:04 | Scout Tower |
| 49:08 | Doom |
| 49:25 | Guard Tower |
| 49:57 | Summon Phoenix |
| 51:02 | Town Hall |
| 51:04 | Guard Tower |
| 51:05 | Scout Tower |
| 51:05 | Scout Tower |
| 51:06 | Scout Tower |
| 51:06 | Scout Tower |
| 51:07 | Scout Tower |
| 51:07 | Scout Tower |
| 51:07 | Scout Tower |
| 51:08 | Scout Tower |
| 52:26 | Guard Tower |
| Right click | 2482 |
| Select group | 834 |
| Chat | 581 |
| Select | 507 |
| Use ability | 330 |
| Build/train/purchase | 284 |
| Misc. action | 64 |
| Assign group | 21 |
| Minimap ping | 17 |
| Esc | 13 |
| Item give/drop | 6 |
| Resource trade | 6 |

| Acolyte | 12 | 900 | / | 0 |
| Ghoul | 5 | 600 | / | 0 |
| Crypt Fiend | 8 | 1720 | / | 320 |
| Banshee | 7 | 1085 | / | 210 |
| Obsidian Statue | 6 | 1200 | / | 210 |
| Necromancer | 11 | 1595 | / | 220 |
| Frost Wyrm | 21 | 8085 | / | 2520 |
| total: | 70 | 15185g | / | 3480w |
| Nerubian Tower | 2 | 200 | / | 40 |
| Spirit Tower | 1 | 145 | / | 40 |
| Ziggurat | 10 | 1500 | / | 500 |
| Altar of Darkness | 1 | 180 | / | 50 |
| Crypt | 2 | 400 | / | 100 |
| Graveyard | 1 | 215 | / | 0 |
| Tomb of Relics | 1 | 130 | / | 30 |
| Necropolis | 1 | 225 | / | 0 |
| Temple of the Damned | 1 | 155 | / | 140 |
| Slaughterhouse | 2 | 280 | / | 270 |
| Sacrificial Pit | 1 | 75 | / | 150 |
| Boneyard | 3 | 525 | / | 600 |
| Halls of the Dead | 2 | 640 | / | 420 |
| Black Citadel | 2 | 650 | / | 460 |
| total: | 23 | 3685g | / | 1840w |
| 0:08 | Acolyte |
| 0:08 | Acolyte |
| 0:13 | Ziggurat |
| 0:19 | Altar of Darkness |
| 0:39 | Crypt |
| 0:45 | Acolyte |
| 1:18 | Graveyard |
| 1:35 | Ziggurat |
| 1:43 | Ghoul |
| 1:55 | Ghoul |
| 2:15 | Tomb of Relics |
| 2:23 | Crypt |
| 2:31 | Unholy Aura |
| 2:40 | Ghoul |
| 3:01 | Crypt Fiend |
| 3:32 | Crypt Fiend |
| 3:34 | Ghoul |
| 3:56 | Ziggurat |
| 4:25 | Halls of the Dead |
| 4:35 | Crypt Fiend |
| 5:05 | Crypt Fiend |
| 5:18 | Creature Carapace |
| 5:27 | Creature Attack |
| 5:39 | Ghoul |
| 6:00 | Ziggurat |
| 6:15 | Death Coil |
| 6:32 | Crypt Fiend |
| 6:47 | Ziggurat |
| 7:05 | Web |
| 7:11 | Temple of the Damned |
| 7:29 | Improved Creature Carapace |
| 7:37 | Improved Creature Attack |
| 8:17 | Crypt Fiend |
| 8:42 | Slaughterhouse |
| 8:47 | Banshee |
| 9:29 | Crypt Fiend |
| 9:55 | Obsidian Statue |
| 10:45 | Burrow |
| 11:02 | Black Citadel |
| 11:13 | Obsidian Statue |
| 11:42 | Banshee Adept Training |
| 11:45 | Banshee |
| 13:08 | Obsidian Statue |
| 13:10 | Banshee |
| 13:16 | Skeletal Mastery |
| 13:17 | Necromancer Adept Training |
| 13:17 | Necromancer |
| 13:46 | Sacrificial Pit |
| 13:52 | Crypt Fiend |
| 15:33 | Boneyard |
| 15:37 | Boneyard |
| 15:44 | Advanced Creature Carapace |
| 15:44 | Advanced Creature Attack |
| 16:35 | Banshee |
| 16:35 | Necromancer |
| 16:38 | Obsidian Statue |
| 16:53 | Frost Wyrm |
| 17:13 | Necromancer Master Training |
| 17:15 | Banshee Master Training |
| 18:33 | Unholy Aura |
| 18:42 | Acolyte |
| 18:42 | Acolyte |
| 18:43 | Acolyte |
| 19:05 | Ziggurat |
| 19:14 | Unholy Strength |
| 19:15 | Unholy Armor |
| 19:32 | Acolyte |
| 20:18 | Obsidian Statue |
| 20:20 | Necromancer |
| 20:43 | Freezing Breath |
| 21:29 | Death Coil |
| 22:15 | Obsidian Statue |
| 22:18 | Frost Wyrm |
| 22:20 | Frost Wyrm |
| 22:43 | Ghoul Frenzy |
| 23:24 | Necromancer |
| 23:25 | Banshee |
| 23:44 | Acolyte |
| 23:45 | Acolyte |
| 24:16 | Improved Unholy Armor |
| 24:21 | Improved Unholy Strength |
| 25:37 | Frost Wyrm |
| 25:56 | Ziggurat |
| 26:04 | Banshee |
| 26:23 | Advanced Unholy Armor |
| 27:54 | Frost Wyrm |
| 32:22 | Nerubian Tower |
| 32:24 | Nerubian Tower |
| 33:57 | Frost Wyrm |
| 34:05 | Frost Wyrm |
| 35:03 | Spirit Tower |
| 36:37 | Frost Wyrm |
| 39:24 | Ziggurat |
| 39:29 | Ziggurat |
| 39:34 | Ziggurat |
| 39:58 | Frost Wyrm |
| 40:02 | Frost Wyrm |
| 40:37 | Frost Wyrm |
| 41:48 | Frost Wyrm |
| 42:06 | Necropolis |
| 42:58 | Necromancer |
| 42:58 | Necromancer |
| 42:59 | Necromancer |
| 43:07 | Frost Wyrm |
| 43:32 | Frost Wyrm |
| 44:05 | Acolyte |
| 44:46 | Halls of the Dead |
| 45:20 | Necromancer |
| 45:24 | Necromancer |
| 45:35 | Frost Wyrm |
| 46:36 | Necromancer |
| 47:22 | Frost Wyrm |
| 47:47 | Black Citadel |
| 49:17 | Slaughterhouse |
| 49:22 | Necromancer |
| 49:22 | Banshee |
| 49:57 | Unholy Aura |
| 50:31 | Frost Wyrm |
| 50:34 | Frost Wyrm |
| 51:01 | Boneyard |
| 51:37 | Acolyte |
| 51:37 | Acolyte |
| 52:28 | Frost Wyrm |
| 53:48 | Frost Wyrm |
| 53:51 | Frost Wyrm |
| Right click | 768 |
| Select group | 744 |
| Select | 385 |
| Build/train/purchase | 143 |
| Assign group | 112 |
| Chat | 106 |
| Use ability | 25 |
| Resource trade | 11 |
| Remove unit | 3 |
| Minimap ping | 1 |
Goobahman
(54:24) : 
| Orb of Venom | 1 | 325 |
| Scroll of Town Portal | 6 | 2100 |
| Boots of Speed | 1 | 250 |
| Circlet of Nobility | 1 | 175 |
| total: | 9 | 2850g |
| Wisp | 22 | 1320 | / | 0 |
| Archer | 11 | 1430 | / | 110 |
| Huntress | 7 | 1365 | / | 140 |
| Glaive Thrower | 1 | 210 | / | 65 |
| total: | 41 | 4325g | / | 315w |
| Ancient Protector | 2 | 270 | / | 160 |
| Altar of Elders | 2 | 360 | / | 100 |
| Moon Well | 6 | 1080 | / | 240 |
| Ancient of War | 4 | 600 | / | 240 |
| Hunter's Hall | 2 | 420 | / | 200 |
| Tree of Life | 2 | 680 | / | 370 |
| Tree of Ages | 1 | 320 | / | 180 |
| total: | 18 | 3410g | / | 1310w |
| 0:02 | Wisp |
| 0:14 | Altar of Elders |
| 0:15 | Wisp |
| 0:19 | Moon Well |
| 0:20 | Moon Well |
| 0:25 | Wisp |
| 0:30 | Ancient of War |
| 0:32 | Ancient of War |
| 0:39 | Wisp |
| 0:55 | Wisp |
| 0:56 | Wisp |
| 1:26 | Wisp |
| 1:33 | Archer |
| 1:38 | Moon Well |
| 1:40 | Wisp |
| 1:43 | Wisp |
| 2:08 | Hunter's Hall |
| 2:20 | Mana Burn |
| 2:31 | Archer |
| 2:35 | Ancient of War |
| 2:37 | Wisp |
| 2:47 | Archer |
| 3:03 | Moon Well |
| 3:19 | Huntress |
| 3:29 | Immolation |
| 3:55 | Huntress |
| 4:01 | Huntress |
| 4:14 | Sentinel |
| 4:15 | Strength of the Moon |
| 4:34 | Huntress |
| 5:19 | Huntress |
| 5:33 | Huntress |
| 5:41 | Moon Armor |
| 5:46 | Moon Well |
| 6:15 | Archer |
| 6:54 | Tree of Ages |
| 7:37 | Huntress |
| 7:39 | Ultravision |
| 7:53 | Ancient Protector |
| 7:56 | Ancient Protector |
| 8:13 | Archer |
| 9:14 | Mana Burn |
| 9:33 | Archer |
| 9:34 | Archer |
| 9:51 | Archer |
| 9:58 | Improved Bows |
| 10:27 | Archer |
| 13:22 | Immolation |
| 14:12 | Boots of Speed |
| 14:15 | Circlet of Nobility |
| 17:29 | Tree of Life |
| 18:17 | Mana Burn |
| 20:07 | Wisp |
| 20:07 | Wisp |
| 20:28 | Wisp |
| 20:28 | Wisp |
| 21:32 | Wisp |
| 21:37 | Moon Well |
| 22:02 | Ancient of War |
| 22:27 | Wisp |
| 22:27 | Wisp |
| 23:17 | Archer |
| 23:25 | Wisp |
| 23:25 | Wisp |
| 24:02 | Altar of Elders |
| 24:06 | Orb of Venom |
| 24:08 | Scroll of Town Portal |
| 25:08 | Metamorphosis |
| 25:13 | Hunter's Hall |
| 25:21 | Wisp |
| 25:21 | Wisp |
| 30:05 | Tree of Life |
| 33:00 | Scroll of Town Portal |
| 33:08 | Archer |
| 34:07 | Wisp |
| 36:14 | Scroll of Town Portal |
| 37:05 | Scroll of Town Portal |
| 40:00 | Scroll of Town Portal |
| 45:01 | Scroll of Town Portal |
| 48:14 | Glaive Thrower |
| 50:25 | Evasion |
| Right click | 2911 |
| Select | 530 |
| Misc. action | 300 |
| Select group | 284 |
| Chat | 109 |
| Build/train/purchase | 104 |
| Assign group | 92 |
| Use ability | 83 |
| Resource trade | 56 |
| Minimap ping | 7 |
| Esc | 4 |
| Remove unit | 2 |
265 units @ 40.7k
/ 6.7k
115 buildings @ 17.9k
/ 8.7k


| Lesser Clarity Potion | 17 | 1190 |
| Potion of Mana | 14 | 2800 |
| Potion of Healing | 1 | 150 |
| Healing Salve | 2 | 200 |
| Scroll of Town Portal | 3 | 1050 |
| Potion of Lesser Invulnerability | 1 | 150 |
| total: | 38 | 5540g |
| Peon | 29 | 2175 | / | 0 |
| Troll Headhunter | 13 | 1820 | / | 260 |
| Demolisher | 4 | 880 | / | 200 |
| Troll Berserker | 7 | 980 | / | 140 |
| Forest Troll Shadow Priest | 1 | 195 | / | 10 |
| total: | 54 | 6050g | / | 610w |
| Watch Tower | 34 | 3740 | / | 2720 |
| Altar of Storms | 1 | 180 | / | 50 |
| Orc Burrow | 6 | 960 | / | 240 |
| War Mill | 3 | 615 | / | 0 |
| Barracks | 4 | 720 | / | 200 |
| Voodoo Lounge | 5 | 650 | / | 150 |
| Great Hall | 1 | 385 | / | 185 |
| Spirit Lodge | 1 | 150 | / | 150 |
| Stronghold | 1 | 315 | / | 190 |
| Fortress | 1 | 325 | / | 190 |
| total: | 55 | 7400g | / | 3695w |
| 0:02 | Peon |
| 0:02 | Peon |
| 0:09 | Altar of Storms |
| 0:11 | Orc Burrow |
| 0:25 | Peon |
| 0:39 | War Mill |
| 0:47 | Peon |
| 1:04 | Peon |
| 1:23 | Peon |
| 1:34 | Barracks |
| 1:38 | Peon |
| 1:47 | Orc Burrow |
| 2:03 | Steel Ranged Weapons |
| 2:21 | Voodoo Lounge |
| 2:27 | Healing Wave |
| 2:35 | Troll Headhunter |
| 2:48 | Barracks |
| 2:57 | Troll Headhunter |
| 3:18 | Troll Headhunter |
| 3:33 | Troll Headhunter |
| 3:38 | Steel Armor |
| 3:53 | Troll Headhunter |
| 4:23 | Stronghold |
| 4:29 | Lesser Clarity Potion |
| 4:53 | Troll Headhunter |
| 5:04 | Serpent Ward |
| 5:16 | Orc Burrow |
| 5:25 | Spiked Barricades |
| 6:14 | Troll Headhunter |
| 6:28 | Healing Wave |
| 6:36 | Troll Headhunter |
| 6:44 | Spirit Lodge |
| 6:46 | Fortress |
| 6:50 | Thorium Ranged Weapons |
| 7:35 | Great Hall |
| 8:28 | Forest Troll Shadow Priest |
| 8:36 | Troll Regeneration |
| 9:27 | Troll Headhunter |
| 9:42 | Serpent Ward |
| 9:53 | Troll Headhunter |
| 10:37 | Troll Headhunter |
| 10:40 | Berserker Upgrade |
| 10:49 | Witch Doctor Adept Training |
| 10:53 | Troll Headhunter |
| 10:53 | Troll Headhunter |
| 11:51 | Demolisher |
| 11:53 | Orc Burrow |
| 12:02 | Serpent Ward |
| 12:47 | Demolisher |
| 12:48 | Burning Oil |
| 13:14 | Orc Burrow |
| 13:16 | Peon |
| 13:16 | Peon |
| 13:16 | Peon |
| 13:16 | Peon |
| 13:20 | Potion of Mana |
| 13:21 | Lesser Clarity Potion |
| 13:24 | Lesser Clarity Potion |
| 13:33 | Watch Tower |
| 13:34 | Watch Tower |
| 14:05 | Demolisher |
| 15:12 | Demolisher |
| 15:19 | Big Bad Voodoo |
| 16:36 | Voodoo Lounge |
| 16:55 | Potion of Mana |
| 16:57 | Lesser Clarity Potion |
| 16:58 | Potion of Mana |
| 17:56 | Peon |
| 17:56 | Peon |
| 17:56 | Peon |
| 17:56 | Peon |
| 17:58 | Troll Berserker |
| 17:59 | Troll Berserker |
| 18:56 | Arcanite Ranged Weapons |
| 19:04 | Peon |
| 19:04 | Peon |
| 19:04 | Peon |
| 19:07 | Peon |
| 19:08 | Peon |
| 19:08 | Peon |
| 19:10 | War Mill |
| 19:29 | Orc Burrow |
| 20:08 | Witch Doctor Master Training |
| 20:35 | Troll Berserker |
| 20:36 | Scroll of Town Portal |
| 20:38 | Lesser Clarity Potion |
| 20:40 | Scroll of Town Portal |
| 21:33 | Hex |
| 23:17 | Watch Tower |
| 23:23 | Troll Berserker |
| 23:23 | Troll Berserker |
| 23:28 | Barracks |
| 23:29 | Barracks |
| 23:32 | Peon |
| 23:32 | Peon |
| 23:33 | Peon |
| 23:54 | Voodoo Lounge |
| 24:13 | Potion of Mana |
| 24:15 | Lesser Clarity Potion |
| 24:16 | Potion of Mana |
| 24:32 | Peon |
| 24:32 | Peon |
| 24:32 | Peon |
| 24:52 | Voodoo Lounge |
| 24:54 | Watch Tower |
| 24:54 | Watch Tower |
| 25:25 | Watch Tower |
| 25:28 | Peon |
| 25:29 | Peon |
| 25:31 | Watch Tower |
| 26:46 | Watch Tower |
| 26:46 | Watch Tower |
| 26:47 | Watch Tower |
| 27:22 | Hex |
| 27:24 | Watch Tower |
| 27:25 | Watch Tower |
| 27:26 | Watch Tower |
| 28:00 | Watch Tower |
| 28:00 | Watch Tower |
| 28:00 | Watch Tower |
| 28:50 | Potion of Mana |
| 29:07 | Lesser Clarity Potion |
| 29:09 | Potion of Healing |
| 29:18 | Hex |
| 29:49 | Troll Berserker |
| 30:05 | Potion of Mana |
| 30:05 | Lesser Clarity Potion |
| 30:07 | Healing Salve |
| 30:11 | Scroll of Town Portal |
| 30:15 | Thorium Armor |
| 30:39 | Troll Berserker |
| 30:58 | Shockwave |
| 31:05 | Watch Tower |
| 31:06 | Watch Tower |
| 31:11 | Watch Tower |
| 31:12 | Watch Tower |
| 31:12 | Watch Tower |
| 32:23 | Lesser Clarity Potion |
| 32:25 | Potion of Mana |
| 32:58 | Watch Tower |
| 32:58 | Watch Tower |
| 33:01 | Watch Tower |
| 33:02 | Watch Tower |
| 33:05 | Reinforced Defenses |
| 33:45 | Potion of Lesser Invulnerability |
| 34:56 | Watch Tower |
| 34:58 | Watch Tower |
| 35:01 | Watch Tower |
| 35:02 | Watch Tower |
| 35:03 | Watch Tower |
| 35:25 | Endurance Aura |
| 36:40 | Shockwave |
| 37:34 | Potion of Mana |
| 37:34 | Lesser Clarity Potion |
| 37:40 | Potion of Mana |
| 38:03 | Watch Tower |
| 38:03 | Watch Tower |
| 38:04 | Watch Tower |
| 38:22 | Improved Spiked Barricades |
| 39:27 | Voodoo Lounge |
| 39:29 | War Mill |
| 39:32 | Watch Tower |
| 42:08 | Lesser Clarity Potion |
| 42:09 | Potion of Mana |
| 42:12 | Potion of Mana |
| 42:12 | Lesser Clarity Potion |
| 44:59 | Lesser Clarity Potion |
| 47:46 | Endurance Aura |
| 48:16 | Healing Wave |
| 49:20 | Potion of Mana |
| 49:22 | Lesser Clarity Potion |
| 49:43 | Shockwave |
| 50:07 | Potion of Mana |
| 50:36 | Lesser Clarity Potion |
| 51:01 | Lesser Clarity Potion |
| 51:02 | Healing Salve |
| 53:07 | Lesser Clarity Potion |
| Right click | 3370 |
| Select group | 1863 |
| Select | 619 |
| Build/train/purchase | 330 |
| Use ability | 182 |
| Misc. action | 137 |
| Chat | 70 |
| Assign group | 38 |
| Resource trade | 15 |
| Esc | 4 |
| Item give/drop | 3 |
| Minimap ping | 1 |

| Orb of Lightning | 1 | 375 |
| Scroll of Speed | 1 | 50 |
| Scroll of Town Portal | 1 | 350 |
| total: | 3 | 775g |
| Peon | 17 | 1275 | / | 0 |
| Grunt | 7 | 1400 | / | 0 |
| Tauren | 22 | 6160 | / | 1760 |
| Troll Berserker | 12 | 1680 | / | 240 |
| Demolisher | 14 | 3080 | / | 700 |
| total: | 72 | 13595g | / | 2700w |
| Watch Tower | 1 | 110 | / | 80 |
| Orc Burrow | 6 | 960 | / | 240 |
| Altar of Storms | 1 | 180 | / | 50 |
| Barracks | 1 | 180 | / | 50 |
| War Mill | 1 | 205 | / | 0 |
| Great Hall | 2 | 770 | / | 370 |
| Voodoo Lounge | 1 | 130 | / | 30 |
| Tauren Totem | 2 | 270 | / | 310 |
| Stronghold | 1 | 315 | / | 190 |
| Fortress | 1 | 325 | / | 190 |
| total: | 15 | 2805g | / | 1130w |
| 0:06 | Peon |
| 0:06 | Peon |
| 0:13 | Orc Burrow |
| 0:22 | Altar of Storms |
| 0:30 | Barracks |
| 0:38 | Peon |
| 1:26 | Peon |
| 1:32 | Peon |
| 1:54 | Orc Burrow |
| 1:56 | Grunt |
| 2:03 | War Mill |
| 2:09 | Peon |
| 2:32 | Wind Walk |
| 2:37 | Peon |
| 3:21 | Grunt |
| 3:26 | Stronghold |
| 3:31 | Orc Burrow |
| 3:35 | Grunt |
| 3:52 | Steel Armor |
| 4:25 | Grunt |
| 4:44 | Watch Tower |
| 4:55 | Grunt |
| 5:11 | Critical Strike |
| 5:13 | Grunt |
| 5:15 | Steel Melee Weapons |
| 5:58 | Fortress |
| 6:01 | Tauren Totem |
| 6:11 | Grunt |
| 6:45 | Tauren Totem |
| 7:06 | Critical Strike |
| 8:14 | Orc Burrow |
| 8:20 | Orc Burrow |
| 8:22 | Tauren |
| 8:36 | Tauren |
| 8:59 | Tauren |
| 9:03 | Tauren |
| 9:43 | Tauren |
| 10:56 | Wind Walk |
| 11:01 | Tauren |
| 11:55 | Tauren |
| 12:26 | Critical Strike |
| 13:15 | Tauren |
| 13:17 | Orc Burrow |
| 13:42 | Thorium Melee Weapons |
| 14:52 | Tauren |
| 14:54 | Pulverize |
| 15:42 | Great Hall |
| 16:34 | Tauren |
| 17:13 | Tauren |
| 18:45 | Peon |
| 18:45 | Peon |
| 18:46 | Peon |
| 18:49 | Berserker Upgrade |
| 18:51 | Tauren |
| 19:35 | Troll Berserker |
| 19:35 | Troll Berserker |
| 19:36 | Troll Berserker |
| 19:36 | Troll Berserker |
| 19:40 | Tauren |
| 20:07 | Tauren |
| 20:40 | Tauren |
| 21:26 | Bladestorm |
| 22:22 | Tauren |
| 22:26 | Peon |
| 22:26 | Peon |
| 22:32 | Thorium Armor |
| 22:35 | Troll Berserker |
| 22:35 | Troll Berserker |
| 22:36 | Troll Berserker |
| 22:36 | Troll Berserker |
| 23:05 | Demolisher |
| 23:06 | Demolisher |
| 23:11 | Tauren |
| 23:20 | Voodoo Lounge |
| 24:07 | Demolisher |
| 24:56 | Wind Walk |
| 25:04 | Tauren |
| 25:07 | Troll Berserker |
| 25:07 | Troll Berserker |
| 25:07 | Troll Berserker |
| 25:07 | Troll Berserker |
| 25:40 | Orb of Lightning |
| 25:41 | Scroll of Town Portal |
| 25:51 | Scroll of Speed |
| 26:21 | Demolisher |
| 26:37 | Demolisher |
| 27:45 | Burning Oil |
| 29:39 | Demolisher |
| 29:39 | Demolisher |
| 29:39 | Demolisher |
| 29:59 | Steel Ranged Weapons |
| 30:25 | Tauren |
| 32:13 | Tauren |
| 32:15 | Demolisher |
| 32:15 | Demolisher |
| 32:17 | Demolisher |
| 35:17 | Tauren |
| 36:07 | Demolisher |
| 37:56 | Mirror Image |
| 37:59 | Peon |
| 37:59 | Peon |
| 38:00 | Peon |
| 38:00 | Peon |
| 39:28 | Demolisher |
| 41:57 | Tauren |
| 41:58 | Demolisher |
| 48:37 | Mirror Image |
| 51:40 | Peon |
| 52:19 | Great Hall |
| Right click | 679 |
| Select | 504 |
| Misc. action | 215 |
| Build/train/purchase | 150 |
| Select group | 100 |
| Assign group | 40 |
| Esc | 9 |
| Use ability | 4 |
| Item give/drop | 1 |


| Scroll of Town Portal | 1 | 350 |
| Boots of Speed | 2 | 500 |
| Orb of Lightning | 2 | 750 |
| total: | 5 | 1600g |
| Wisp | 17 | 1020 | / | 0 |
| Archer | 13 | 1690 | / | 130 |
| Huntress | 3 | 585 | / | 60 |
| Hippogryph | 10 | 1600 | / | 200 |
| Glaive Thrower | 12 | 2520 | / | 780 |
| Dryad | 8 | 1160 | / | 480 |
| Chimaera | 6 | 1980 | / | 420 |
| total: | 69 | 10555g | / | 2070w |
| Ancient Protector | 10 | 1350 | / | 800 |
| Moon Well | 6 | 1080 | / | 240 |
| Altar of Elders | 1 | 180 | / | 50 |
| Ancient of War | 1 | 150 | / | 60 |
| Hunter's Hall | 1 | 210 | / | 100 |
| Tree of Life | 1 | 340 | / | 185 |
| Ancient of Wind | 2 | 300 | / | 280 |
| Ancient of Lore | 2 | 310 | / | 290 |
| Chimaera Roost | 1 | 140 | / | 190 |
| Tree of Ages | 1 | 320 | / | 180 |
| Tree of Eternity | 1 | 330 | / | 200 |
| total: | 25 | 4060g | / | 2195w |
| 0:03 | Wisp |
| 0:03 | Wisp |
| 0:03 | Wisp |
| 0:03 | Wisp |
| 0:20 | Moon Well |
| 0:34 | Altar of Elders |
| 0:42 | Wisp |
| 0:54 | Wisp |
| 0:55 | Wisp |
| 1:05 | Moon Well |
| 1:07 | Wisp |
| 1:07 | Wisp |
| 1:30 | Ancient of War |
| 1:51 | Wisp |
| 1:51 | Wisp |
| 2:08 | Hunter's Hall |
| 2:23 | Moon Well |
| 2:39 | Wisp |
| 2:39 | Wisp |
| 2:42 | Archer |
| 2:52 | Archer |
| 3:02 | Wisp |
| 3:03 | Wisp |
| 3:04 | Wisp |
| 3:23 | Huntress |
| 3:39 | Entangling Roots |
| 3:45 | Moon Well |
| 4:04 | Huntress |
| 4:21 | Archer |
| 5:17 | Huntress |
| 5:25 | Thorns Aura |
| 5:49 | Archer |
| 5:49 | Archer |
| 6:07 | Tree of Ages |
| 6:35 | Tree of Life |
| 7:02 | Archer |
| 7:02 | Archer |
| 7:05 | Strength of the Moon |
| 7:05 | Moon Armor |
| 7:25 | Archer |
| 7:52 | Archer |
| 8:17 | Entangling Roots |
| 8:29 | Improved Bows |
| 8:31 | Ancient of Wind |
| 8:34 | Ancient of Wind |
| 9:20 | Archer |
| 9:20 | Archer |
| 9:22 | Improved Strength of the Moon |
| 9:22 | Improved Moon Armor |
| 9:44 | Thorns Aura |
| 10:08 | Hippogryph |
| 10:09 | Hippogryph |
| 10:53 | Hippogryph |
| 11:26 | Archer |
| 12:20 | Tree of Eternity |
| 12:37 | Hippogryph |
| 13:09 | Hippogryph |
| 13:53 | Ancient Protector |
| 14:00 | Ancient Protector |
| 14:21 | Hippogryph |
| 14:25 | Archer |
| 14:56 | Scout |
| 15:16 | Entangling Roots |
| 15:58 | Ancient of Lore |
| 16:16 | Glaive Thrower |
| 16:19 | Glaive Thrower |
| 16:19 | Glaive Thrower |
| 16:31 | Trueshot Aura |
| 17:04 | Ancient of Lore |
| 17:19 | Abolish Magic |
| 17:46 | Dryad |
| 18:32 | Dryad |
| 18:33 | Dryad |
| 19:16 | Chimaera Roost |
| 19:27 | Strength of the Wild |
| 19:27 | Reinforced Hides |
| 19:28 | Well Spring |
| 19:29 | Ultravision |
| 20:06 | Nature's Blessing |
| 20:19 | Dryad |
| 20:40 | Improved Strength of the Wild |
| 20:43 | Glaive Thrower |
| 20:44 | Glaive Thrower |
| 20:47 | Chimaera |
| 20:48 | Chimaera |
| 20:48 | Chimaera |
| 20:48 | Chimaera |
| 21:09 | Dryad |
| 21:21 | Hippogryph |
| 21:21 | Hippogryph |
| 21:48 | Hippogryph |
| 21:48 | Hippogryph |
| 21:50 | Glaive Thrower |
| 21:50 | Glaive Thrower |
| 21:52 | Dryad |
| 21:52 | Dryad |
| 22:12 | Moon Well |
| 22:12 | Moon Well |
| 23:07 | Vorpal Blades |
| 23:10 | Glaive Thrower |
| 23:10 | Glaive Thrower |
| 23:42 | Glaive Thrower |
| 23:46 | Corrosive Breath |
| 23:49 | Chimaera |
| 24:53 | Tranquility |
| 25:27 | Chimaera |
| 25:29 | Advanced Strength of the Wild |
| 25:29 | Improved Reinforced Hides |
| 28:40 | Glaive Thrower |
| 28:41 | Glaive Thrower |
| 29:15 | Trueshot Aura |
| 30:16 | Dryad |
| 31:20 | Ancient Protector |
| 31:22 | Ancient Protector |
| 31:25 | Ancient Protector |
| 31:26 | Ancient Protector |
| 31:29 | Ancient Protector |
| 31:31 | Ancient Protector |
| 31:54 | Ancient Protector |
| 31:55 | Ancient Protector |
| 32:57 | Scroll of Town Portal |
| 32:57 | Orb of Lightning |
| 36:35 | Searing Arrows |
| 36:38 | Thorns Aura |
| 37:31 | Orb of Lightning |
| 38:58 | Boots of Speed |
| 39:09 | Boots of Speed |
| 40:09 | Wisp |
| 43:12 | Trueshot Aura |
| Select | 755 |
| Right click | 722 |
| Select group | 170 |
| Build/train/purchase | 130 |
| Use ability | 68 |
| Resource trade | 57 |
| Assign group | 19 |
| Remove unit | 7 |
| Item give/drop | 5 |
| Minimap ping | 1 |

| Healing Salve | 6 | 600 |
| Lesser Clarity Potion | 8 | 560 |
| Scroll of Speed | 3 | 150 |
| Potion of Mana | 2 | 400 |
| Orb of Lightning | 1 | 375 |
| Scroll of Town Portal | 3 | 1050 |
| total: | 23 | 3135g |
| Peon | 13 | 975 | / | 0 |
| Grunt | 11 | 2200 | / | 0 |
| Kodo Beast | 2 | 510 | / | 120 |
| Shaman | 17 | 2210 | / | 340 |
| Raider | 9 | 1620 | / | 360 |
| Troll Batrider | 7 | 1120 | / | 280 |
| Troll Witch Doctor | 8 | 1160 | / | 200 |
| Ogre Mauler | 1 | 300 | / | 0 |
| Mud Golem | 1 | 145 | / | 10 |
| Forest Troll Berserker | 1 | 245 | / | 30 |
| total: | 70 | 10485g | / | 1340w |
| Altar of Storms | 1 | 180 | / | 50 |
| Orc Burrow | 7 | 1120 | / | 280 |
| Barracks | 1 | 180 | / | 50 |
| Voodoo Lounge | 2 | 260 | / | 60 |
| War Mill | 1 | 205 | / | 0 |
| Great Hall | 2 | 770 | / | 370 |
| Spirit Lodge | 2 | 300 | / | 300 |
| Beastiary | 4 | 580 | / | 560 |
| Stronghold | 2 | 630 | / | 380 |
| Fortress | 1 | 325 | / | 190 |
| total: | 20 | 3595g | / | 1670w |
| 0:02 | Peon |
| 0:02 | Peon |
| 0:21 | Altar of Storms |
| 0:30 | Peon |
| 0:36 | Orc Burrow |
| 0:50 | Barracks |
| 0:53 | Peon |
| 0:53 | Peon |
| 1:21 | Peon |
| 1:43 | Orc Burrow |
| 1:51 | Grunt |
| 2:00 | Peon |
| 2:22 | Voodoo Lounge |
| 2:34 | Grunt |
| 2:37 | Feral Spirit |
| 2:50 | Peon |
| 3:04 | Grunt |
| 3:07 | Stronghold |
| 3:34 | War Mill |
| 4:00 | Chain Lighting |
| 4:04 | Orc Burrow |
| 4:09 | Orc Burrow |
| 4:17 | Healing Salve |
| 4:25 | Lesser Clarity Potion |
| 4:25 | Scroll of Speed |
| 5:30 | Grunt |
| 5:35 | Healing Salve |
| 5:47 | Fortress |
| 5:50 | Spirit Lodge |
| 5:53 | Beastiary |
| 7:08 | Steel Melee Weapons |
| 7:09 | Shaman Adept Training |
| 7:12 | Kodo Beast |
| 7:20 | Grunt |
| 7:21 | Grunt |
| 7:24 | Berserker Strength |
| 7:36 | Feral Spirit |
| 7:52 | Steel Armor |
| 7:54 | Healing Salve |
| 7:54 | Scroll of Speed |
| 8:10 | Shaman Master Training |
| 8:11 | Shaman |
| 8:14 | War Drums Damage Increase |
| 8:23 | Pillage |
| 8:54 | Shaman |
| 9:38 | Chain Lighting |
| 9:55 | Grunt |
| 9:55 | Grunt |
| 9:58 | Ensnare |
| 9:59 | Raider |
| 10:05 | Thorium Armor |
| 10:54 | Raider |
| 10:56 | Grunt |
| 10:57 | Shaman |
| 10:57 | Shaman |
| 11:38 | Beastiary |
| 11:45 | Raider |
| 11:47 | Shaman |
| 11:47 | Shaman |
| 12:23 | Chain Lighting |
| 12:56 | Thorium Melee Weapons |
| 12:57 | Raider |
| 13:17 | Orc Burrow |
| 13:23 | Great Hall |
| 14:29 | Shaman |
| 14:30 | Shaman |
| 14:33 | Kodo Beast |
| 14:34 | Raider |
| 14:35 | Raider |
| 14:43 | Grunt |
| 14:43 | Grunt |
| 15:33 | Raider |
| 17:01 | Peon |
| 17:01 | Peon |
| 17:01 | Peon |
| 17:01 | Peon |
| 17:01 | Peon |
| 17:14 | Scroll of Town Portal |
| 17:14 | Lesser Clarity Potion |
| 17:16 | Healing Salve |
| 17:25 | Healing Salve |
| 17:33 | Raider |
| 17:36 | Shaman |
| 17:36 | Shaman |
| 17:38 | Raider |
| 18:04 | Arcanite Melee Weapons |
| 18:45 | Ogre Mauler |
| 18:45 | Mud Golem |
| 18:46 | Forest Troll Berserker |
| 19:59 | Reinforced Defenses |
| 20:01 | Troll Batrider |
| 20:02 | Troll Batrider |
| 20:04 | Shaman |
| 20:04 | Shaman |
| 20:04 | Shaman |
| 20:12 | Lesser Clarity Potion |
| 20:12 | Lesser Clarity Potion |
| 20:15 | Healing Salve |
| 20:16 | Scroll of Speed |
| 20:29 | Potion of Mana |
| 21:14 | Earth Quake |
| 23:03 | Beastiary |
| 23:07 | Beastiary |
| 23:09 | Orc Burrow |
| 23:11 | Orc Burrow |
| 23:15 | Shaman |
| 23:15 | Shaman |
| 23:15 | Shaman |
| 23:16 | Shaman |
| 23:18 | Witch Doctor Adept Training |
| 23:44 | Steel Ranged Weapons |
| 24:09 | Great Hall |
| 24:28 | Voodoo Lounge |
| 24:30 | Witch Doctor Master Training |
| 24:31 | Troll Witch Doctor |
| 24:31 | Troll Witch Doctor |
| 25:11 | Feral Spirit |
| 25:49 | Scroll of Town Portal |
| 25:55 | Orb of Lightning |
| 26:57 | Troll Witch Doctor |
| 26:57 | Troll Witch Doctor |
| 27:01 | Spirit Lodge |
| 27:31 | Troll Witch Doctor |
| 27:31 | Troll Witch Doctor |
| 27:42 | Lesser Clarity Potion |
| 27:42 | Lesser Clarity Potion |
| 27:46 | Lesser Clarity Potion |
| 27:49 | Potion of Mana |
| 28:50 | Troll Witch Doctor |
| 28:50 | Troll Witch Doctor |
| 29:32 | Troll Batrider |
| 29:32 | Troll Batrider |
| 29:32 | Troll Batrider |
| 29:44 | Scroll of Town Portal |
| 30:59 | Troll Batrider |
| 31:03 | Liquid Fire |
| 31:06 | Troll Batrider |
| 32:12 | Far Sight |
| 44:53 | Far Sight |
| 46:29 | Lesser Clarity Potion |
| Right click | 2139 |
| Select | 831 |
| Build/train/purchase | 169 |
| Use ability | 125 |
| Minimap ping | 44 |
| Misc. action | 7 |
| Chat | 4 |
| Item give/drop | 1 |